 Dungeon Crawl Stone Soup version 0.30.1-11-g7821555f0a (webtiles) character file.

Game seed: 7756237699497823112

1383 Eitelfritz the Cleaver (level 8, -14/69 HPs)
             Began as a Hill Orc Fighter on Dec 28, 2023.
             Was a Believer of Beogh.
             Killed from afar by a steam dragon (17 damage)
             ... with a ball of steam
             ... on level 6 of the Dungeon.
             The game lasted 00:11:16 (5617 turns).

Eitelfritz the Cleaver (Hill Orc Fighter)           Turns: 5617, Time: 00:11:16

Health: -14/69     AC:  9    Str: 21    XL:     8   Next: 67%
Magic:  12/12      EV: 10    Int:  8    God:    Beogh [**....]
Gold:   882        SH: 10    Dex: 10    Spells: 7/7 levels left

rFire   . . .        a - +0 war axe
rCold   + . .        C - +0 buckler
rNeg    + . .        e - +0 ring mail {rC+}
rPois   .            q - +1 helmet
rElec   .            j - +0 cloak
rCorr   .            (no gloves)
SInv    .            (no boots)
Will    .....        p - amulet of reflection
Stlth   +            h - ring of positive energy
HPRegen 0.31/turn    (no ring)
MPRegen 0.13/turn

%: reflection
@: mighty
A: no striking features
a: Renounce Religion, Smiting


You were on level 6 of the Dungeon.
You worshipped Beogh.
Beogh was pleased with you.
You visited 1 branch of the dungeon, and saw 6 of its levels.

You collected 882 gold pieces.

Inventory:

Hand Weapons
 a - a +0 war axe (weapon)
 c - a +0 flail
Missiles
 t - 6 poisoned darts (quivered)
Armour
 e - a +0 ring mail of cold resistance (worn)
 i - a +0 plate armour
 j - a +0 cloak (worn)
 q - a +1 helmet (worn)
 A - a +0 tower shield
 C - a +0 buckler (worn)
Jewellery
 h - a ring of positive energy (left hand)
 m - an amulet of guardian spirit
 p - an amulet of reflection (around neck)
 x - a ring of flight
Wands
 d - a wand of polymorph (3)
 u - a wand of iceblast (5)
 v - a wand of charming (15)
 B - a wand of light (9)
Scrolls
 b - 4 scrolls of identify
 z - 2 scrolls of poison
Potions
 g - 2 potions of resistance
 l - a potion of curing
 n - a potion of magic
 o - 2 potions of attraction
 r - a potion of lignification
 s - a potion of flight


   Skills:
 + Level 5.5 Fighting
 + Level 8.3 Axes
 + Level 0.3 Throwing
 + Level 5.4 Armour
 + Level 1.7 Dodging
 + Level 0.8 Stealth
 + Level 5.0 Shields
 + Level 0.7 Unarmed Combat
 * Level 5.7 Invocations


You had 7 spell levels left.
You didn't know any spells.
Your spell library contained the following spells:

 Spells                   Type           Power      Damage    Failure   Level
 Slow                     Hex            0%         N/A       63%         1
 Confusing Touch          Hex            0%         N/A       94%         3
 Hailstorm                Conj/Ice       0%         3d3       94%         3
 Inner Flame              Hex/Fire       0%         N/A       94%         3
 Vampiric Draining        Necr           0%         2d6       94%         3
 Ice Form                 Ice/Tmut       0%         N/A       100%        4
 Alistair's Intoxication  Tmut/Pois      0%         N/A       100%        5
 Borgnjor's Vile Clutch   Necr/Erth      0%         N/A       100%        5
 Summon Forest            Summ/Tloc      0%         N/A       100%        5
 Summon Mana Viper        Hex/Summ       0%         N/A       100%        5
 Yara's Violent Unravell  Hex/Tmut       0%         3d3       100%        5
 Eringya's Noxious Bog    Tmut/Pois      0%         N/A       100%        6
 Simulacrum               Ice/Necr       0%         N/A       100%        6
 Summon Cactus Giant      Summ           0%         N/A       100%        6
 Enfeeble                 Hex            0%         N/A       100%        7


Dungeon Overview and Level Annotations

Branches:
Dungeon (6/15)
 Temple: D:4-7

Altars:
Dithmenos
Hepliaklqana
Makhleb
Sif Muna
Beogh


Message History

You are engulfed in a cloud of scalding steam.
* * * LOW HITPOINT WARNING * * *
The phantom hits you but does no damage.
You block the steam dragon's attack. The steam dragon completely misses you.
You block the phantom's attack. You block the steam dragon's attack.
The steam dragon closely misses you.
You barely miss the steam dragon.
The steam dragon is lightly wounded.
You hit the phantom.
You destroy the phantom!
Beogh accepts your kill. You block the steam dragon's attack.
The steam dragon claws you but does no damage.
Your Shields skill increases to level 5!
You closely miss the steam dragon.
The steam dragon is lightly wounded.
You block the steam dragon's attack. The steam dragon closely misses you.
You slash the steam dragon!
The steam dragon is heavily wounded.
The steam dragon closely misses you. You block the steam dragon's attack.
You hit the steam dragon but do no damage.
The steam dragon is heavily wounded.
The steam dragon bites you.
* * * LOW HITPOINT WARNING * * *
You block the steam dragon's attack.
You feel better. The steam dragon breathes steam at you.
The ball of steam hits you!
* * * LOW HITPOINT WARNING * * *
You are engulfed in a cloud of scalding steam.
The steam dragon closely misses you. The steam dragon barely misses you.
You feel very mighty all of a sudden. The steam dragon bites you!
* * * LOW HITPOINT WARNING * * *
You block the steam dragon's attack.
You slash the steam dragon!
The steam dragon is almost dead.
The steam dragon breathes steam at you. The ball of steam hits you!
You die...

#.>.....................
#.##..#.################
.........#####
#.#####......## #
#.....#...†..§### #..
#.#####.....#
#....##.#####.....#
#.......D...#.....+
#.......§@§§§.....#
##.....####§..#####
#..... ###+# #.....
#..... #..... #.....


You could see a steam dragon (catching breath).

Vanquished Creatures
  Grinder (D:3)
  Eustachio (D:4)
  A sky beast (D:6)
  An ice beast (D:5)
  2 ogres
  4 phantoms
  A scorpion (D:6)
  A crimson imp (D:5)
  A hound (D:6)
  A jelly (D:5)
  A gnoll bouda (D:5)
  2 iguanas
  An orc wizard (D:6)
  8 gnolls (D:5)
  3 adders
  4 orcs
  12 ball pythons
  5 endoplasms
  5 giant cockroaches
  6 goblins
  9 hobgoblins
  8 jackals
  2 quokkas
  3 bats
  2 frilled lizards (D:2)
  5 kobolds
  2 rats
  A spectral orc (D:5)
93 creatures vanquished.

Notes
Turn   | Place    | Note
-------+----------+-------------------------------------------
     0 | D:1      | Eitelfritz the Hill Orc Fighter began the quest for the
                  | Orb.
     0 | D:1      | Reached XP level 1. HP: 19/19 MP: 1/1
   232 | D:1      | Reached XP level 2. HP: 21/27 MP: 2/2
   282 | D:1      | Reached skill level 3 in Axes
   311 | D:1      | Found a faded altar of an unknown god.
   319 | D:1      | Prayed at the altar of an unknown god.
   319 | D:1      | Became a worshipper of Beogh the Brigand
   319 | D:1      | Reached * piety under Beogh
   609 | D:1      | Reached skill level 1 in Invocations
   609 | D:1      | Reached XP level 3. HP: 27/33 MP: 3/3
  1461 | D:3      | Found a shadowy altar of Dithmenos.
  1551 | D:3      | Noticed Grinder
  1567 | D:3      | Killed Grinder
  1568 | D:3      | Reached skill level 4 in Axes
  1568 | D:3      | Reached XP level 4. HP: 12/41 MP: 4/6
  1568 | D:3      | Reached XP level 5. HP: 14/47 MP: 4/7
  1697 | D:3      | Reached XP level 6. HP: 53/53 MP: 8/8
  1798 | D:3      | Reached ** piety under Beogh
  1855 | D:3      | Reached skill level 5 in Axes
  2291 | D:3      | Identified a scroll of acquirement
  2291 | D:3      | Acquired 661 gold pieces
  2735 | D:4      | Reached skill level 1 in Dodging
  2894 | D:4      | Noticed Eustachio
  2939 | D:4      | HP: 1/53 [Eustachio/+0 falchion (9)]
  2940 | D:4      | Killed Eustachio
  2941 | D:4      | Reached skill level 6 in Axes
  2941 | D:4      | Reached XP level 7. HP: 1/60 MP: 8/10
  3867 | D:5      | Entered Level 5 of the Dungeon
  4203 | D:5      | Found a shimmering blue altar of Sif Muna.
  4353 | D:5      | Reached skill level 5 in Fighting
  4353 | D:5      | Reached skill level 7 in Axes
  4353 | D:5      | Reached skill level 5 in Armour
  4353 | D:5      | Reached XP level 8. HP: 60/68 MP: 11/11
  4714 | D:5      | Found a hazy altar of Hepliaklqana.
  4736 | D:5      | Found a burning altar of Makhleb.
  4979 | D:5      | Reached skill level 5 in Invocations
  5463 | D:6      | Reached skill level 8 in Axes
  5611 | D:6      | Reached skill level 5 in Shields
  5616 | D:6      | HP: 2/69 [steam dragon (8)]
  5617 | D:6      | Killed from afar by a steam dragon

Illustrated notes

Levels and vault maps discovered:
D:1:      dpeg_arrival_radiant, layout_loops_ring,
          dreamdust_ecumenical_altar_hidden_monk_grotto,
          amcnicky_mini_rare_corridor_liquid
D:2:      layout_basic
D:3:      layout_basic, nicolae_dithmenos_through_a_glass_darkly,
          palyth_stone_intersect, minmay_shallow_snake_nest, uniq_grinder
D:4:      layout_layer_cave, serial_park_tiny_2, uniq_eustachio
D:5:      layout_basic, nicolae_hepliaklqana_monster_ancestors,
          makhleb_grotto_becter, overflow_temple_1_default
D:6:      layout_basic, minmay_temple_entry_antechambers

Skill      XL: |  1  2  3  4  5  6  7  8 |
---------------+-------------------------+-----
Axes           | 3 4 6 7 8 |  8.3
Fighting       | 4 5 |  5.5
Invocations    | 1 3 4 5 |  5.7
Armour         | 4 5 |  5.4
Dodging        | 1 |  1.7
Shields        | 4 5 |  5.0
Throwing       | |  0.3
Stealth        | |  0.8
Unarmed Combat | |  0.7

Action                     |  1- 3 |  4- 6 |  7- 9 || total
---------------------------+-------+-------+-------++-------
  Melee: War axe           |    84 |    81 |   169 ||   334
         Unarmed           |     7 |       |       ||     7
  Throw: Dart              |       |       |     3 ||     3
    Use: Potion            |     1 |       |     5 ||     6
         Scroll            |       |    11 |     6 ||    17
 Armour: Scale mail        |    41 |     7 |       ||    48
         Ring mail         |       |    21 |    64 ||    85
  Dodge: Dodged            |    44 |    40 |    64 ||   148
  Block: Buckler           |    31 |    36 |    74 ||   141
